 Dungeon Crawl Stone Soup version 0.27.0-1-g7a089689b8 (webtiles) character file.

Game seed: 9786028985576363793

37 sanka the Gusty (level 3, -2/28 HPs)
             Began as a Naga Air Elementalist on Aug 6, 2021.
             Slain by Sigmund (5 damage)
             ... on level 2 of the Dungeon.
             The game lasted 00:03:10 (1491 turns).

sanka the Gusty (Naga Air Elementalist)             Turns: 1491, Time: 00:03:11

Health: -2/28      AC:  3    Str: 10    XL:     3   Next: 41%
Magic:  4/6        EV:  9    Int: 16    God:
Gold:   17         SH:  0    Dex: 11    Spells: 2/7 levels left

rFire    . . .     SeeInvis +   (no weapon)
rCold    . . .     Faith    .   (no shield)
rNeg     . . .     Spirit   .   a - +0 robe
rPois    +         Reflect  .   (no helmet)
rElec    .         Harm     .   (no cloak)
rCorr    .         Rampage  .   f - +0 pair of gloves
Will     .....                  (no barding)
Stlth    +.........             (no amulet)
HPRegen  0.09/turn              (no ring)
MPRegen  0.10/turn              (no ring)

@: confused, very slow
A: AC +1, large, see invisible, deformed body, poison resistance, slowness 2,
spit poison 1, naga tail 1
a: Spit Poison


You were on level 2 of the Dungeon.
You visited 1 branch of the dungeon, and saw 2 of its levels.

You collected 17 gold pieces.


Innate Abilities, Weirdness & Mutations

Your serpentine skin is tough. (AC +1)
You have supernaturally acute eyesight. (SInv)
Armour fits poorly on your strangely shaped body.
Your system is resistant to poisons. (rPois)
You cover ground very slowly.
You can spit poison.
You have a snake-like lower body.


   Skills:
 - Level 1.5 Dodging
 - Level 3.0 Stealth
 + Level 2.5 Spellcasting
 - Level 1.0 Conjurations
 - Level 4.0 Air Magic


You had 2 spell levels left.
You knew the following spells:

 Your Spells              Type           Power      Damage    Failure   Level
y - Poisonous Vapours     Pois/Air       16%        N/A       13%         2
z - Shock                 Conj/Air       40%        1d5       7%          1
Z - Static Discharge      Conj/Air       10%        N/A       11%         2

Your spell library contained the following spells:

 Spells                   Type           Power      Damage    Failure   Level
 Sting                    Tmut/Pois      8%         1d3       21%         1
 Ensorcelled Hibernation  Hex/Ice        4%         N/A       30%         2
 Slow                     Hex            2%         N/A       30%         2
 Swiftness                Air            14%        N/A       12%         3
 Airstrike                Air            7%         N/A       36%         4
 Confusing Touch          Hex            2%         N/A       52%         3
 Spider Form              Tmut/Pois      1%         N/A       52%         3
 Vampiric Draining        Necr           1%         2d6       52%         3
 Olgreb's Toxic Radiance  Pois           2%         N/A       89%         4
 Summon Forest            Summ/Tloc      1%         N/A       99%         5
 Yara's Violent Unravell  Hex/Tmut       1%         3d3       99%         5
 Eringya's Noxious Bog    Tmut/Pois      1%         N/A       100%        6
 Shadow Creatures         Summ           N/A        N/A       100%        6
 Summon Hydra             Summ           1%         N/A       100%        7

Inventory:

Armour
 a - a +0 robe (worn)
 f - a +0 pair of gloves (worn)
Scrolls
 b - 2 scrolls of fear {unknown}
 c - 2 scrolls of identify {unknown}
 d - a scroll of enchant weapon {unknown}
 e - 3 scrolls of teleportation {unknown}
 g - a scroll of magic mapping {unknown}
 h - 2 scrolls of noise {unknown}

Dungeon Overview and Level Annotations

Branches:
Dungeon (2/15)

Altars:

Shops:
D:1 !

Annotations:
D:2 Sigmund

▒.▒.▒▒▒▒▒.▒...
......<.......
..▒........▒
..▒.▒▒.▒▒..▒
....▒▒.▒▒..▒
...........▒
..▒▒▒▒.▒▒▒.... ...▒
▒.▒▒▒▒▒▒▒▒▒▒▒▒▒ ...▒
▒.▒........N..▒
...▒▒▒.....).▒▒▒▒▒@▒
...▒..........▒ ▒.▒
...▒.▒........▒▒.......▒
...▒...........▒.▒.▒▒▒.▒
'▒▒▒▒▒.........▒.▒.. .▒
▒.........▒ ▒.. .▒
▒.........▒ ▒.▒. .▒
▒▒▒▒▒▒▒▒..▒ ▒.▒.


You could see Sigmund.


Message History

Sigmund casts a spell at you. The puff of flame hits you!
Unknown command.
Sigmund closely misses you.
Aiming: Shock (safe; 7% risk of failure)
The zap hits Sigmund.
Sigmund is lightly wounded.
The zap hits Sigmund but does no damage.
Sigmund is lightly wounded.
Sigmund hits you from afar with a +0 scythe!
* * * LOW HITPOINT WARNING * * *
Aiming: Shock (safe; 7% risk of failure)
The zap hits Sigmund.
Sigmund is moderately wounded.
The zap hits Sigmund.
Sigmund is moderately wounded.
You have got your breath back.
Sigmund casts a spell at you.
You are confused.
You aren't carrying any potions.
You are too confused!
Sigmund hits you with a +0 scythe.
* * * LOW HITPOINT WARNING * * *
Sigmund barely misses you.
You bump into the rock wall.
Sigmund gestures at you while chanting. The magic dart hits you.
* * * LOW HITPOINT WARNING * * *
Sigmund hits you from afar with a +0 scythe.
You die...

Action                   || total
-------------------------++-------
Melee: Unarmed           ||    14
 Cast: Shock             ||    57
 Abil: Spit Poison       ||     7
Armor: Robe              ||     6
Dodge: Dodged            ||    16

Levels and vault maps discovered:
D:1:      dpeg_arrival_round_b, layout_rooms, serial_shops,
          nicolae_shop_waterfront, hangedman_decor_clover_reticule
D:2:      layout_basic, uniq_terence, uniq_jessica, uniq_sigmund, uniq_robin

Notes
Turn   | Place    | Note
-------+----------+-------------------------------------------
     0 | D:1      | sanka the Naga Air Elementalist began the quest for the
                  | Orb.
     0 | D:1      | Reached XP level 1. HP: 15/15 MP: 3/3
   316 | D:1      | Found Feicod's Distillery.
   361 | D:1      | Reached XP level 2. HP: 22/22 MP: 0/5
   806 | D:1      | Reached skill level 4 in Air Magic
   855 | D:1      | Learned a level 2 spell: Static Discharge
   858 | D:1      | Learned a level 2 spell: Poisonous Vapours
  1113 | D:2      | Reached XP level 3. HP: 28/28 MP: 4/6
  1482 | D:2      | Noticed Sigmund
  1491 | D:2      | Slain by Sigmund

Vanquished Creatures
  A dart slug (D:1)
  4 bats
  6 endoplasms
  2 quokkas (D:2)
  4 ball pythons
  5 frilled lizards
  7 goblins
  4 kobolds
  2 rats
35 creatures vanquished.
